 Dungeon Crawl Stone Soup version 0.29-a0-998-g1987434951 (webtiles) character file.

Game seed: 1792603391492257418

813 xian the Skirmisher (level 8, 0/61 HPs)
             Began as a Formicid Hunter on Aug 6, 2022.
             Was an Initiate of Fedhas.
             Slain by an iguana (7 damage)
             ... on level 5 of the Dungeon.
             The game lasted 00:11:16 (3971 turns).

xian the Skirmisher (Formicid Hunter)               Turns: 3971, Time: 00:11:19

Health: 0/61       AC:  5    Str: 16    XL:     8   Next: 15%
Magic:  8/8        EV: 12    Int:  9    God:    Fedhas [......]
Gold:   178        SH:  5    Dex: 19    Spells: 7/7 levels left

rFire   + . .      SeeInvis +   l - +2 dagger (venom)
rCold   + + .      Faith    +   i - +1 buckler
rNeg    . . .      Spirit   .   j - +2 robe {rC+ rF+}
rPois   .          Reflect  .   (helmet unavailable)
rElec   .          Harm     .   h - +0 cloak
rCorr   .          Rampage  .   (no gloves)
Will    .....                   (no boots)
Stlth   ++........              g - amulet of faith
HPRegen 0.20/turn               p - ring of protection from cold
MPRegen 0.11/turn               (no ring)

@: no status effects
A: permanent stasis, dig shafts and tunnels, antennae 3, four strong arms
a: Dig, Shaft Self, Renounce Religion


You were on level 5 of the Dungeon.
You worshipped Fedhas.
Fedhas was noncommittal.
You visited 1 branch of the dungeon, and saw 5 of its levels.

You collected 178 gold pieces.

Inventory:

Hand Weapons
 a - a +1 shortbow
 l - a +2 dagger of venom (weapon)
Armour
 h - a +0 cloak (worn)
 i - a +1 buckler (worn)
 j - a +2 robe of resistance (worn)
Jewellery
 g - an amulet of faith (around neck)
 p - a ring of protection from cold (left hand)
Wands
 o - a wand of paralysis (11)
Scrolls
 b - a scroll of immolation
 c - 4 scrolls of identify
 d - a scroll of silence
 e - a scroll of poison
 f - 2 scrolls of amnesia
Potions
 k - 3 potions of brilliance
 m - a potion of curing {unknown}
 n - a potion of heal wounds {unknown}


   Skills:
 + Level 4.5 Fighting
 + Level 0.6 Short Blades
 + Level 8.2 Ranged Weapons
 + Level 1.5 Armour
 + Level 2.2 Dodging
 + Level 1.8 Stealth
 + Level 1.2 Shields


You had 7 spell levels left.
You didn't know any spells.
Your spell library contained the following spells:

 Spells                   Type           Power      Damage    Failure   Level
 Scorch                   Fire           0%         2d5       58%         2
 Call Canine Familiar     Summ           0%         N/A       83%         3
 Confusing Touch          Hex            0%         N/A       83%         3
 Gell's Gravitas          Tloc           0%         N/A       83%         3
 Portal Projectile        Hex/Tloc       0%         N/A       83%         3
 Teleport Other           Tloc           0%         N/A       83%         3
 Flame Wave               Conj/Fire      0%         2d4       99%         4
 Leda's Liquefaction      Hex/Erth       0%         N/A       99%         4
 Yara's Violent Unravell  Hex/Tmut       0%         3d3       100%        5
 Dispersal                Tloc           0%         N/A       100%        6
 Summon Cactus Giant      Summ           0%         N/A       100%        6
 Enfeeble                 Hex            0%         N/A       100%        7


Dungeon Overview and Level Annotations

Branches:
Dungeon (5/15)
 Temple: D:4-7

Altars:
Fedhas
Ru
Wu Jian

Shops:
D:1 =   D:2 =

Annotations:
D:5 Blork the orc


Innate Abilities, Weirdness & Mutations

You cannot be hasted, slowed, berserked, paralysed or teleported.
You can dig through walls and to a lower floor.
You have a pair of large antennae on your head. (SInv)
Your four strong arms can wield two-handed weapons with a shield.


Message History

Blork the orc is lightly wounded.
The iguana hisses angrily.
Blork the orc hits you with a +0 battleaxe!
Blork the orc closely misses you.
You barely miss Blork the orc.
Blork the orc is lightly wounded.
Blork the orc screams, "I'll break your arms!"
Blork the orc closely misses you.
Unknown command.
You hit Blork the orc.
Blork the orc is poisoned.
Blork the orc is lightly wounded.
Blork the orc closely misses you. Blork the orc barely misses you.
The iguana bites you!
You hit Blork the orc.
Blork the orc looks as sick as possible!
Blork the orc is moderately wounded.
Blork the orc misses you. The iguana closely misses you.
You barely miss Blork the orc.
Blork the orc is moderately wounded.
Blork the orc barely misses you. You block Blork the orc's attack.
The iguana bites you!
You hit Blork the orc.
Blork the orc looks as sick as possible!
Blork the orc is heavily wounded.
Blork the orc closely misses you. You block the iguana's attack.
Unknown command.
Blork the orc hits you with a +0 battleaxe!
There is a stone staircase leading down, spattered with blood here.
You hit the iguana.
The iguana is moderately wounded.
Blork the orc barely misses you. The iguana bites you!
* * * LOW HITPOINT WARNING * * *
You closely miss the iguana.
The iguana is moderately wounded.
Blork the orc casts a spell at you. The puff of frost hits you. You resist.
* * * LOW HITPOINT WARNING * * *
You block Blork the orc's attack. The iguana bites you!
You die...
Fedhas appreciates your contribution to the ecosystem.

... ...#..... ##......† ...#
.........#........ ... ....#
#............ ... ...#
#..###.#..#.. #.
#.##..###..##..####.)
##.#.....##...#†..# ##..
.../.....#..)..)..#.#... ....
......lo............#.#. ...#
..##.##@..............#.
...#..##......<.....)^......
###............#....).....#...
........##...##..........#...
#....[.#....###.............
#..........## #..........>
#.†<.....## #....#######
#...........# ..##.#
##.....<....# .#.#...


You could see Blork the orc (fast, extremely poisoned) and an iguana.

Vanquished Creatures
  Sigmund (D:3)
  Menkaure (D:5)
  2 scorpions
  3 hounds
  An orc priest (D:5)
  An iguana (D:5)
  3 orc wizards
  10 adders
  A worm (D:2)
  4 dart slugs
  9 orcs
  2 bats
  11 endoplasms
  4 giant cockroaches
  3 goblins (D:1)
  6 hobgoblins
  9 jackals (D:1)
  10 kobolds
  5 ball pythons
  5 frilled lizards
  5 rats
96 creatures vanquished.

Notes
Turn   | Place    | Note
-------+----------+-------------------------------------------
     0 | D:1      | xian the Formicid Hunter began the quest for the Orb.
     0 | D:1      | Reached XP level 1. HP: 16/16 MP: 1/1
   127 | D:1      | Reached XP level 2. HP: 15/22 MP: 2/2
   295 | D:1      | Found a faded altar of an unknown god.
   348 | D:1      | Found Vobladi's Jewellery Boutique.
   387 | D:1      | Reached XP level 3. HP: 10/27 MP: 3/3
   920 | D:1      | Reached skill level 5 in Ranged Weapons
  1323 | D:2      | Reached XP level 4. HP: 33/33 MP: 4/4
  1333 | D:2      | Found Puerui's One-of-a-Kind Rings.
  1552 | D:2      | Reached skill level 1 in Armour
  2025 | D:3      | Reached XP level 5. HP: 41/41 MP: 5/5
  2050 | D:3      | Noticed Sigmund
  2071 | D:3      | Killed Sigmund
  2072 | D:3      | Reached skill level 6 in Ranged Weapons
  2072 | D:3      | Reached XP level 6. HP: 9/47 MP: 6/6
  3096 | D:4      | Reached skill level 1 in Shields
  3103 | D:4      | Found an ornate altar of the Wu Jian Council.
  3187 | D:4      | Found a blossoming altar of Fedhas.
  3212 | D:4      | Became a worshipper of Fedhas Madash
  3311 | D:4      | Reached XP level 7. HP: 25/52 MP: 7/7
  3543 | D:4      | Reached skill level 7 in Ranged Weapons
  3564 | D:4      | Found a sacrificial altar of Ru.
  3756 | D:5      | Entered Level 5 of the Dungeon
  3798 | D:5      | Noticed Menkaure
  3802 | D:5      | Killed Menkaure
  3821 | D:5      | Reached skill level 8 in Ranged Weapons
  3821 | D:5      | Reached XP level 8. HP: 60/60 MP: 8/8
  3957 | D:5      | Noticed Blork the orc
  3971 | D:5      | Slain by an iguana

Illustrated notes

Levels and vault maps discovered:
D:1:      minmay_arrival_cross, layout_basic, serial_shops, nicolae_shop_stone,
          ebering_ecumenical_altar_box
D:2:      layout_rooms, skrybe_limestone_x, nicolae_shop_unique_rings
D:3:      layout_basic, uniq_sigmund
D:4:      layout_basic, nicolae_ru_awakened_eye, nicolae_wu_jian_wuxing_cycle,
          fedhas_altar_2
D:5:      layout_cave_pools, chequers_mini_garden, minivault_1,
          uniq_blork_the_orc, uniq_menkaure

Skill      XL: |  1  2  3  4  5  6  7 |
---------------+----------------------+-----
Ranged Weapons | 5 6 8 |  8.2
Armour         | 1 |  1.5
Fighting       | 3 4 |  4.5
Dodging        | 2 |  2.2
Shields        | 1 |  1.2
Short Blades   | |  0.6
Stealth        | |  1.8

Action                   |  1- 3 |  4- 6 |  7- 9 || total
-------------------------+-------+-------+-------++-------
Melee: Dagger            |     8 |     2 |     8 ||    18
       Short sword       |       |    14 |       ||    14
 Fire: Shortbow          |    93 |   116 |    72 ||   281
  Use: Scroll            |     4 |     9 |       ||    13
Armor: Leather armour    |    19 |     9 |       ||    28
       Robe              |       |     6 |     3 ||     9
Dodge: Dodged            |    41 |    41 |    19 ||   101
Block: Buckler           |       |    13 |     7 ||    20

Table legend: (Time is in decaauts)
 A = Elapsed time spent in this place.
 B = Non-inter-level travel time spent in this place.
 C = Inter-level travel time spent in this place.
 D = Time resting spent in this place.
 E = Time spent auto-exploring this place.
 F = Levels seen in this place.
 G = Mean time per level.
                   A        B        C        D        E       F      G
               +--------+--------+--------+--------+--------+-----+--------+
         Total |   4038 |   3924 |    114 |    248 |   2946 |   5 |  807.6 |
       Dungeon |   4038 |   3924 |    114 |    248 |   2946 |   5 |  807.6 |
               +--------+--------+--------+--------+--------+-----+--------+

Top non-repeatable levels by time:
     D:1: 1344 daAuts
     D:3: 1181 daAuts
     D:4: 740 daAuts
     D:2: 569 daAuts
     D:5: 202 daAuts
